Map: 16 bits EJ

Players

Drizzt - Winner!

  • Race: Zerg Zerg
  • Spawn Location: 7:00

IA (Muy fácil) 1

  • Race: Zerg Zerg
  • Spawn Location: 1:00

VOD

Have the link to the VOD?

Description

Time

  • Played on: May 15, 2018, 12:16 p.m.
  • Length: 4:13
Show
View Real Time Build Order
Export as new Build Order

Drizzt Zerg - Winner!

Build Orders: Hatch First 

Get SALT Encoding   

  12  0:01  Drone  
  13  0:08  Drone  
  14  0:18  Drone, Extractor  
  15  0:41  Hatchery  
  14  0:45  Extractor  
  14  0:47  Drone  
  14  1:04  Spawning Pool  
  14  1:10  Drone  
  14  1:17  Overlord  
  14  1:51  Queen, Metabolic Boost  
  16  1:57  Zergling x2  
  16  1:58  Zergling x2  
  18  2:04  Zergling x4  
  18  2:06  Zergling x2  
  21  2:09  Zergling x2  
  21  2:15  Zergling x2  
  23  2:20  Zergling x2  
  24  2:32  Overlord  
  24  2:35  Zergling x2  
  25  2:37  Zergling x2  
  25  2:41  Zergling x2  
  27  2:49  Zergling x2  
  28  3:00  Zergling x10  
  34  3:27  Drone x3  
  34  3:32  Overlord x2  
  38  3:55  Drone  
  38  3:57  Drone x4  
Show
View Real Time Build Order
Export as new Build Order

IA (Muy fácil) 1 Zerg 

Build Orders: Pool Only 

Get SALT Encoding   

  12  0:00  Drone  
  13  0:12  Overlord  
  13  0:17  Drone  
  14  0:36  Spawning Pool  
  14  0:39  Extractor  
  14  0:40  Drone  
  13  0:47  Drone  
  14  0:53  Overlord  
  14  1:24  Zergling x2, Queen  
  17  1:33  Roach Warren  
  17  1:36  Drone  
  17  1:39  Extractor  
  16  1:42  Zergling x2  
  16  1:44  Drone  
  18  1:57  Drone  
  19  2:01  Zergling x2  
  20  2:08  Drone  
  21  2:19  Drone  
  22  2:30  Drone  
  22  2:31  Overlord  
  23  2:37  Drone  
  24  2:45  Drone  
  25  3:44  Zergling x2  
  23  3:53  Drone  
  18  4:00  Drone  
Tags
 
Matchup
ZvZ
Race
Zerg
Spawn Locations
Cross Positions
Add a new tag
Caveats
  • Supply blocks, unpowered buildings, or Contaminate may cause inaccurate times.
  • Supply counts are checked every 10 seconds.